 Dungeon Crawl Stone Soup version 0.21.1-1-g345015f (webtiles) character file.

5941 lrcuk01 the Protected (level 10, -3/88 HPs)
             Began as a Minotaur Berserker on Feb 12, 2018.
             Was an Elder of Trog.
             Slain by a hippogriff (5 damage)
             ... on level 11 of the Dungeon.
             The game lasted 01:39:07 (10987 turns).

lrcuk01 the Protected (Minotaur Berserker)         Turns: 10987, Time: 01:39:08

Health: -3/88      AC: 15    Str: 31    XL:     10   Next: 54%
Magic:  9/9        EV: 11    Int:  4    God:    Trog [****..]
Gold:   39         SH:  0    Dex: 10    Spells: 9/9 levels left

rFire    . . .     SeeInvis .   t - +5 mace of Kyudomp {crush, *Slow rC+ rN+ Str+3}
rCold    + . .     Gourm    .   (no shield)
rNeg     + . .     Faith    .   e - +1 chain mail
rPois    .         Spirit   .   (helmet restricted)
rElec    .         Reflect  .   (no cloak)
rCorr    .         Harm     .   u - +2 pair of gloves {Str+3}
MR       .....                  (no boots)
Stlth    ..........             (no amulet)
HPRegen  0.24/turn              (no ring)
MPRegen  0.11/turn              (no ring)

@: about to teleport
A: retaliatory headbutt, horns 2
a: Berserk, Trog's Hand, Brothers in Arms, Burn Spellbooks, Renounce Religion


You were on level 11 of the Dungeon.
You worshipped Trog.
Trog was greatly pleased with you.
You were not hungry.

You visited 2 branches of the dungeon, and saw 12 of its levels.

You collected 554 gold pieces.
You spent 515 gold pieces at shops.

Inventory:

Hand Weapons
 a - a +2 flail of protection
 h - a +1 dagger of electrocution
 l - a +2 quarterstaff of chaos
 p - the +10 short sword "Muoguh" {pierce, rPois MR- Int+3}
   (You found it on level 4 of the Dungeon)

   It inflicts extra damage upon your enemies.
   It affects your intelligence (+3).
   It protects you from poison.
   It affects your resistance to hostile enchantments.
 t - the +5 mace of Kyudomp (weapon) {crush, *Slow rC+ rN+ Str+3}
   (You found it on level 5 of the Dungeon)

   It inflicts extra damage upon your enemies.
   It affects your strength (+3).
   It protects you from cold.
   It protects you from negative energy.
   It may slow you when you take damage.
 v - a +0 shortbow
 x - a +1 trident of venom
Missiles
 w - 99 arrows
Armour
 e - a +1 chain mail (worn)
 m - a +0 chain mail
 s - a +3 leather armour
 u - a +2 pair of gloves of strength (worn)
Jewellery
 k - an uncursed ring of poison resistance {unknown}
 r - an uncursed ring of wizardry {unknown}
 y - an uncursed ring of poison resistance {unknown}
 D - an uncursed ring of protection from magic {unknown}
 E - an uncursed ring of poison resistance {unknown}
Wands
 n - a wand of digging (5)
 q - a wand of iceblast (9)
 I - a wand of clouds (5)
Scrolls
 f - 5 scrolls of remove curse
 i - 2 scrolls of amnesia
 H - a scroll of enchant weapon
 J - a scroll of acquirement {unknown}
 K - a scroll of magic mapping
Potions
 b - a potion of haste {unknown}
 d - 2 potions of curing
 j - a potion of cancellation
 o - 3 potions of degeneration
 z - a potion of might
 A - a potion of resistance {unknown}
 B - a potion of berserk rage
Miscellaneous
 F - a crystal ball of energy
 G - a box of beasts
Comestibles
 c - 11 rations


   Skills:
 + Level 8.1 Fighting
 + Level 5.3 Short Blades
   Level 6.6(8.2) Axes
 + Level 7.5(8.7) Maces & Flails
 + Level 0.8(4.7) Staves
 + Level 0.1 Bows
 + Level 7.1 Throwing
 + Level 9.1 Armour
 + Level 4.5 Dodging
 + Level 1.8 Stealth
 + Level 1.3 Evocations


You had 9 spell levels left.
You didn't know any spells.

Dungeon Overview and Level Annotations

Branches:
Dungeon (11/15)            Temple (1/1) D:7            Lair (0/6) D:10
    Orc: D:9-12

Altars:
Ashenzari
Cheibriados
Dithmenos
Elyvilon
Fedhas
Gozag
Hepliaklqana
Kikubaaqudgha
Makhleb
Nemelex Xobeh
Okawaru
Qazlal
Ru
Sif Muna
Trog
Uskayaw
Vehumet
Wu Jian
Xom
Yredelemnul
The Shining One

Shops:
D:6 *   D:10 }


Innate Abilities, Weirdness & Mutations

You reflexively headbutt those who attack you in melee.
You have a pair of horns on your head.


Message History

You barely miss the orc warrior. Your headbutt misses the orc warrior.
The orc warrior is severely wounded.
You barely miss the hippogriff. You headbutt the hippogriff!
The hippogriff is moderately wounded.
The orc warrior hits you with a glaive!
* * * LOW HITPOINT WARNING * * *
You hit the hippogriff. You headbutt the hippogriff.
The hippogriff is severely wounded.
The hippogriff bites you but does no damage.
The hippogriff pecks you but does no damage.
The hippogriff claws you but does no damage.
The orc warrior hits you from afar with a glaive!!
* * * LOW HITPOINT WARNING * * *
As you read the scroll of teleportation, it crumbles to dust.
You feel strangely unstable. The hippogriff closely misses you.
The hippogriff pecks you.
* * * LOW HITPOINT WARNING * * *
The hippogriff barely misses you. The orc warrior closely misses you.
The hippogriff bites you.
You die...

##### #...#
#...#.......
#...#.....(.
#...#....(..
#..@#...Ho..
#.#H#..(....
#.#o#.J.....
####.#o#.o...=.
#......').....#
#......#......# #
+......#......#
..###......#%......
...........#....##+


You could see a hippogriff, an orc warrior and an orc.

Vanquished Creatures
  Maurice (D:9)
  A troll (D:10)
  A hornet (D:7)
  A hippogriff (D:8)
  A slime creature (D:11)
  Prince Ribbit (D:5)
  A spriggan (D:7)
  2 hungry ghosts (D:7)
  Edmund (D:5)
  3 orc warriors
  2 sky beasts
  3 phantoms
  8 ogres
  A wolf (D:10)
  3 centaurs
  5 bullfrogs
  A gnoll sergeant (D:8)
  A wyvern zombie (D:7)
  A water moccasin zombie (D:7)
  3 scorpions
  3 howler monkeys (D:7)
  An electric eel (D:10)
  5 crimson imps
  A bullfrog zombie (D:5)
  Crazy Yiuf (D:3)
  A centaur zombie (D:9)
  9 hounds
  7 orc wizards
  7 orc priests
  A bullfrog skeleton (D:11)
  A jelly (D:5)
  A centaur skeleton (D:4)
  Ijyb (D:4)
  9 worker ants
  A worker ant zombie (D:10)
  4 gnolls (D:8)
  9 adders
  6 shadow imps
  7 oozes
  2 worms
  3 dart slugs (D:3)
  2 leopard geckos (D:3)
  24 orcs
  2 ball pythons
  7 bats
  8 giant cockroaches
  5 goblins
  8 hobgoblins
  6 jackals (D:1)
  2 quokkas
  5 frilled lizards
  A jackal zombie (D:9)
  5 kobolds
  A quokka zombie (D:5)
  13 rats
  A bush (Temple)
211 creatures vanquished.

Notes
Turn   | Place    | Note
-------+----------+-------------------------------------------
     0 | D:1      | lrcuk01 the Minotaur Berserker began the quest for the Orb.
     0 | D:1      | Reached XP level 1. HP: 19/19 MP: 0/0
     1 | D:1      | Found a runed door.
   268 | D:1      | Reached XP level 2. HP: 20/27 MP: 1/1
   456 | D:1      | Reached XP level 3. HP: 21/33 MP: 2/2
   791 | D:1      | Reached ** piety under Trog
  1204 | D:2      | Reached skill level 3 in Armour
  1204 | D:2      | Reached XP level 4. HP: 37/41 MP: 3/3
  1492 | D:2      | Reached skill level 5 in Axes
  2262 | D:3      | Reached XP level 5. HP: 47/47 MP: 4/4
  3090 | D:3      | Found a runed door.
  3094 | D:3      | Noticed Crazy Yiuf
  3102 | D:3      | Killed Crazy Yiuf
  3727 | D:4      | Noticed an ogre
  3734 | D:4      | Killed an ogre
  3734 | D:4      | Reached skill level 1 in Throwing
  3734 | D:4      | Reached XP level 6. HP: 50/55 MP: 5/5
  3821 | D:4      | Got a translucent short sword
  3823 | D:4      | Identified the +10 short sword "Muoguh" {pierce, rPois MR- Int+3} (You found it on level 4 of the Dungeon)
  3998 | D:4      | Reached skill level 4 in Armour
  4010 | D:4      | Noticed Ijyb
  4016 | D:4      | Killed Ijyb
  4027 | D:4      | Reached skill level 5 in Fighting
  4355 | D:5      | Entered Level 5 of the Dungeon
  4360 | D:5      | Reached XP level 7. HP: 61/61 MP: 6/6
  4363 | D:5      | Reached *** piety under Trog
  4440 | D:5      | Reached skill level 1 in Short Blades
  4671 | D:5      | Got a crude mace
  4700 | D:5      | Noticed Edmund
  4734 | D:5      | Killed Edmund
  4734 | D:5      | Reached skill level 5 in Armour
  4771 | D:5      | Noticed Prince Ribbit
  4777 | D:5      | Reached XP level 8. HP: 37/70 MP: 7/7
  4795 | D:5      | Killed Prince Ribbit
  4831 | D:5      | Found a glowing golden altar of the Shining One.
  5521 | D:6      | Reached **** piety under Trog
  5587 | D:6      | Reached skill level 5 in Throwing
  5703 | D:6      | Identified the +5 mace of Kyudomp {crush, *Slow rC+ rN+ Str+3} (You found it on level 5 of the Dungeon)
  5756 | D:6      | Reached skill level 1 in Maces & Flails
  5819 | D:6      | Reached skill level 6 in Armour
  6074 | D:6      | Found Sairel's Assorted Antiques.
  6112 | D:6      | Bought a pair of glowing gloves for 217 gold pieces
  6112 | D:6      | Bought a scroll of identify for 58 gold pieces
  6304 | D:7      | Reached skill level 5 in Short Blades
  6342 | D:7      | Reached skill level 1 in Stealth
  6342 | D:7      | Reached XP level 9. HP: 62/78 MP: 8/8
  6531 | D:7      | Reached skill level 7 in Armour
  6553 | D:7      | Paralysed by a hornet for 2 turns
  6850 | D:7      | Found a staircase to the Ecumenical Temple.
  7021 | Temple   | Entered the Ecumenical Temple
  7720 | D:7      | Reached skill level 5 in Maces & Flails
  7746 | D:7      | HP: 3/79 [orc priest/divine providence (8)]
  8282 | D:7      | Reached skill level 8 in Armour
  8618 | D:8      | Reached skill level 1 in Evocations
  8618 | D:8      | Reached XP level 10. HP: 74/86 MP: 9/9
  9617 | D:9      | Noticed Maurice
  9651 | D:9      | Killed Maurice
  9712 | D:9      | You fall through a shaft!
  9712 | D:10     | Entered Level 10 of the Dungeon
  9871 | D:10     | Reached ***** piety under Trog
 10214 | D:10     | Reached skill level 9 in Armour
 10454 | D:10     | Found a staircase to the Lair.
 10467 | D:10     | Found Fughesac's Gadget Boutique.
 10733 | D:10     | Bought a box of beasts for 240 gold pieces
 10984 | D:11     | HP: 3/88 [orc warrior/glaive (18)]
 10987 | D:11     | Slain by a hippogriff

Skill      XL: |  1  2  3  4  5  6  7  8  9 10 |
---------------+-------------------------------+-----
Axes           | 4 5 6 |  6.6
Fighting       | 4 5 6 7 8 |  8.1
Armour         | 3 4 5 6 8 9 |  9.1
Throwing       | 1 2 3 5 6 7 |  7.1
Dodging        | 3 4 |  4.5
Short Blades   | 2 5 |  5.3
Maces & Flails | 2 5 7 |  7.5
Stealth        | 1 |  1.8
Evocations     | 1 |  1.3
Staves         | |  0.8
Bows           | |  0.1

Action                   |  1- 3 |  4- 6 |  7- 9 | 10-12 || total
-------------------------+-------+-------+-------+-------++-------
Melee: Hand axe          |    77 |    90 |       |       ||   167
       Headbutt          |    14 |    12 |    42 |    23 ||    91
       Quarterstaff      |       |     4 |       |       ||     4
       Short sword       |       |    12 |    82 |       ||    94
       Mace              |       |       |   126 |    96 ||   222
 Fire: Shortbow          |       |       |       |     3 ||     3
Throw: Javelin           |       |    35 |    64 |       ||    99
       Tomahawk          |       |       |    13 |    48 ||    61
Invok: Burn Spellbooks   |       |       |     3 |     1 ||     4
Evoke: Wand              |       |       |     5 |     1 ||     6
  Use: Scroll            |     5 |     8 |    10 |     6 ||    29
       Potion            |     1 |     2 |     4 |     1 ||     8
  Eat: Chunk             |       |     6 |     3 |     3 ||    12
       Ration            |       |     1 |     4 |     2 ||     7
Armor: Animal skin       |     9 |       |       |       ||     9
       Ring mail         |    23 |    17 |       |       ||    40
       Chain mail        |       |    20 |    81 |    50 ||   151
Dodge: Dodged            |    48 |    43 |    88 |    53 ||   232
